 Dungeon Crawl Stone Soup version 0.29.0-11-gd7f09526c8 (webtiles) character file.

Game seed: 4806011107337846898

345 Flugkiller the Chopper (level 6, 0/56 HPs)
             Began as a Minotaur Fighter on Sept 4, 2022.
             Was an Initiate of Okawaru.
             Slain by a gnoll
             ... wielding a +0 flail
              (7 damage)
             ... on level 3 of the Dungeon.
             The game lasted 00:01:27 (3127 turns).

Flugkiller the Chopper (Minotaur Fighter)           Turns: 3127, Time: 00:01:28

Health: 0/56       AC:  7    Str: 21    XL:     6   Next: 32%
Magic:  6/6        EV:  9    Int:  5    God:    Okawaru [......]
Gold:   149        SH:  4    Dex: 11    Spells: 5/5 levels left

rFire   . . .      SeeInvis .   a - +0 war axe
rCold   . . .      Faith    .   c - +0 buckler
rNeg    . . .      Spirit   .   b - +0 scale mail
rPois   .          Reflect  .   (helmet restricted)
rElec   .          Harm     .   (no cloak)
rCorr   .          Rampage  .   (no gloves)
Will    .....                   (no boots)
Stlth   ..........              (no amulet)
HPRegen 0.18/turn               (no ring)
MPRegen 0.10/turn               (no ring)

@: no status effects
A: horns 2, retaliatory headbutt
a: Renounce Religion


You were on level 3 of the Dungeon.
You worshipped Okawaru.
Okawaru was noncommittal.
You visited 1 branch of the dungeon, and saw 4 of its levels.

You collected 173 gold pieces.
You spent 24 gold pieces at shops.

Inventory:

Hand Weapons
 a - a +0 war axe (weapon)
Missiles
 h - a boomerang of dispersal (quivered)
 p - 2 boomerangs
Armour
 b - a +0 scale mail (worn)
 c - a +0 buckler (worn)
Jewellery
 t - an amulet of magic regeneration
   (You took it off a kobold on level 4 of the Dungeon)
Wands
 r - a wand of light (14)
   (You found it on level 3 of the Dungeon)
Scrolls
 e - a scroll of silence {unknown}
 g - 3 scrolls of amnesia {unknown}
 i - a scroll of poison {unknown}
 m - a scroll of teleportation {unknown}
 o - a scroll of torment {unknown}
 q - a scroll of fear {unknown}
 z - a scroll of blinking
Potions
 d - a potion of might
 f - 4 potions of curing {unknown}
 j - a potion of haste {unknown}
 k - a potion of attraction {unknown}
 l - a potion of lignification {unknown}
 n - a potion of mutation {unknown}
 s - a potion of heal wounds {unknown}


   Skills:
 + Level 5.1 Fighting
 * Level 5.8 Axes
 + Level 5.2 Armour
 - Level 3.6 Shields
 + Level 1.6 Invocations


You had 5 spell levels left.
You didn't know any spells.
Your spell library was empty.

Dungeon Overview and Level Annotations

Branches:
Dungeon (4/15)
 Temple: D:4-7

Altars:
Okawaru
Qazlal
Vehumet

Shops:
D:2 ?


Innate Abilities, Weirdness & Mutations

You have a pair of horns on your head.
You reflexively headbutt those who attack you in melee.


Message History

The orc hits you with a +0 hand axe.
You hit the orc.
You kill the orc!
Okawaru accepts your kill.
You closely miss the orc priest.
The orc priest hits you but does no damage.
An orc priest is nearby!
You hit the orc priest.
The orc priest is heavily wounded.
The orc priest completely misses you. The orc priest barely misses you.
You furiously retaliate!
You headbutt the orc priest!
You kill the orc priest!
Okawaru accepts your kill.
A kobold comes into view.
It is wielding a +0 whip and quivering poisoned darts.
Items here: )) ††.
The kobold throws a poisoned dart.
The poisoned dart barely misses you.
The kobold drinks a potion.
The kobold flickers and vanishes!
Deactivating autopickup; reactivate with Ctrl-A.
No target in view!
No target in view!
You closely miss something. You block something's attack.
No target in view!
No target in view!
You miss something. Your headbutt misses something. Something hits you.
No target in view!
You barely miss something.
Something hits you but does no damage. x2
No target in view!
You barely miss something. Something hits you.
No target in view!
You barely miss something. Your headbutt misses something.
Something hits you but does no damage.
No target in view!
You closely miss something. Your headbutt misses something. Something hits you.
No target in view!
You miss something. You headbutt something. Okawaru accepts your kill.
Reactivating autopickup.
You feel a bit more experienced.
No target in view!
t - an amulet of magic regeneration You now have 144 gold pieces (gained 18).
Items here: ( ) [ †.
No target in view!
Items here: ( ) [ †.
You now have 149 gold pieces (gained 5).
You see here 7 stones.
There is a shaft here. 2 gnolls come into view.
The gnoll shouts! x2; You hear a shout! x2
The gnoll moves out of view.
A gnoll comes into view. It is wielding a +0 flail.
There are monsters nearby!
There are monsters nearby!
There are monsters nearby!
There are monsters nearby!
The gnoll shouts!
The gnoll moves out of view.
You slash the gnoll!
The gnoll is heavily wounded.
You closely miss the gnoll. You block the gnoll's attack.
The gnoll barely misses you. The gnoll hits you with a +0 flail!
You slash the gnoll!
You kill the gnoll!
Okawaru accepts your kill.
You slash the gnoll! The gnoll hits you with a +0 whip.
The gnoll hits you from afar with a +0 halberd.
A gnoll comes into view. It is wielding a +0 flail.
You closely miss the gnoll.
The gnoll is heavily wounded.
The gnoll hits you with a +0 whip. The gnoll hits you but does no damage.
You slash the gnoll!
You kill the gnoll!
Okawaru accepts your kill. The gnoll closely misses you.
The gnoll hits you from afar with a +0 halberd!
You are too injured to fight recklessly!
You are too injured to fight recklessly!
You are too injured to fight recklessly!
You are too injured to fight recklessly!
You barely miss the gnoll. The gnoll hits you with a +0 flail.
The gnoll closely misses you. The gnoll attacks as you move away!
You block the gnoll's attack. The gnoll attacks as you move away!
The gnoll hits you but does no damage. The gnoll hits you but does no damage.
The gnoll hits you from afar with a +0 halberd!
* * * LOW HITPOINT WARNING * * *
There is a stone staircase leading up here.
The gnoll closely misses you. You furiously retaliate!
You headbutt the gnoll.
The gnoll hits you from afar with a +0 halberd!
* * * LOW HITPOINT WARNING * * *
You climb upwards.
There is a stone staircase leading down here.
Unknown command.
You barely miss the gnoll. Your headbutt misses the gnoll.
The gnoll is moderately wounded.
You block the gnoll's attack.
You hit the gnoll but do no damage.
The gnoll is moderately wounded.
The gnoll hits you with a +0 flail!
You die...

.............#
≈≈≈≈.≈≈≈≈≈≈≈.#
.....≈.....≈.#
.≈≈≈≈≈.≈≈≈.≈.#
.≈...≈.≈_≈.≈.#
.≈.≈.≈.≈.≈.≈.#
.≈_≈)≈...≈.≈.###
.≈≈≈.≈≈≈≈≈.≈...###
.....≈.....≈.#.g@#
≈≈≈≈≈≈.≈≈≈≈≈.###.#
.............# #.##
....>....##### #..##
............# ##..#
######..÷##.### ##.#
#.........#...# #.#
#.........###.####.##
#...................#


You could see a gnoll.

Vanquished Creatures
  A scorpion (D:4)
  2 orc priests
  An orc wizard (D:3)
  An iguana (D:4)
  6 adders
  5 gnolls
  A worm (D:2)
  A dart slug (D:1)
  9 orcs
  4 endoplasms
  2 giant cockroaches (D:4)
  8 goblins
  7 hobgoblins
  2 jackals (D:3)
  A quokka (D:4)
  5 ball pythons
  3 bats
  6 kobolds
  5 rats
70 creatures vanquished.

Vanquished Creatures (others)
  A rat (D:3)
1 creature vanquished.

Grand Total: 71 creatures vanquished

Notes
Turn   | Place    | Note
-------+----------+-------------------------------------------
     0 | D:1      | Flugkiller the Minotaur Fighter began the quest for the
                  | Orb.
     0 | D:1      | Reached XP level 1. HP: 19/19 MP: 0/0
   189 | D:1      | Reached XP level 2. HP: 26/27 MP: 1/1
   632 | D:2      | Found Toefuvvu's Magic Scroll Emporium.
   647 | D:2      | Bought a scroll of identify for 24 gold pieces
   727 | D:2      | Reached XP level 3. HP: 33/33 MP: 2/2
  1380 | D:3      | Found a faded altar of an unknown god.
  1741 | D:3      | Reached XP level 4. HP: 40/40 MP: 3/3
  1771 | D:3      | Found an iron altar of Okawaru.
  1794 | D:3      | Found a radiant altar of Vehumet.
  1818 | D:3      | Became a worshipper of Warmaster Okawaru
  2003 | D:3      | Reached XP level 5. HP: 47/47 MP: 4/4
  2031 | D:3      | Reached skill level 5 in Axes
  2330 | D:3      | Found a stormy altar of Qazlal.
  2469 | D:4      | Reached skill level 5 in Armour
  2469 | D:4      | Reached skill level 1 in Invocations
  2852 | D:4      | Reached skill level 5 in Fighting
  2852 | D:4      | Reached XP level 6. HP: 55/56 MP: 4/6
  3127 | D:3      | Slain by a gnoll

Illustrated notes

Levels and vault maps discovered:
D:1:      dpeg_arrival_concentric_ovals, layout_basic,
          minmay_misc_feat_more_columns
D:2:      layout_basic, serial_shops, shop
D:3:      layout_rooms, grunt_qazlal_clouds, mainiacjoe_overflow_catwalk_spiral,
          nicolae_ecumenical_pavilion, uniq_sigmund
D:4:      layout_basic, kennysheep_flooded_box

Skill      XL: |  1  2  3  4  5 |
---------------+----------------+-----
Axes           | 3 4 5 |  5.8
Armour         | 4 5 |  5.2
Fighting       | 4 5 |  5.1
Invocations    | 1 |  1.6
Shields        | |  3.6

Action                   |  1- 3 |  4- 6 || total
-------------------------+-------+-------++-------
Melee: War axe           |    74 |    71 ||   145
       Headbutt          |     5 |    11 ||    16
Throw: Boomerang         |       |     4 ||     4
  Use: Scroll            |     1 |       ||     1
       Potion            |       |     1 ||     1
Armor: Scale mail        |    35 |    29 ||    64
Dodge: Dodged            |    33 |    32 ||    65
Block: Buckler           |    19 |    14 ||    33
